Map: Simulacrum LE

Players

Maru - Winner!

  • Race: Terran Terran
  • Spawn Location: 5:00

INnoVation

  • Race: Terran Terran
  • Spawn Location: 11:00

Event: IEM Katowice 2020

VOD

Have the link to the VOD?

Description

Time

  • Played on: Feb. 28, 2020, 8:30 a.m.
  • Length: 17:33

All games in this series

Show
View Real Time Build Order
Export as new Build Order

Maru Terran - Winner!

Build Orders:  

Get SALT Encoding   

  12  0:00  SCV  
  13  0:13  Supply Depot  
  13  0:17  SCV  
  14  0:34  Barracks  
  14  0:40  Refinery  
  14  0:53  Barracks  
  14  0:58  SCV  
  15  1:10  SCV  
  16  1:22  Orbital Command  
  16  1:26  Reaper  
  17  1:35  Refinery  
  16  1:48  SCV  
  16  1:52  Reaper  
  18  2:00  SCV, Supply Depot  
  18  2:01  Reaper  
  20  2:12  SCV  
  21  2:24  SCV, Reaper  
  22  2:32  Factory  
  22  2:36  SCV  
  22  2:45  Reaper  
  22  2:48  SCV  
  24  2:55  Supply Depot  
  24  2:56  Reaper  
  25  3:00  SCV  
  26  3:12  SCV  
  27  3:18  Reaper  
  27  3:19  Factory Tech Lab  
  28  3:24  SCV  
  29  3:32  Command Center  
  29  3:38  Cyclone  
  29  3:39  SCV  
  33  3:50  Starport  
  33  3:52  SCV  
  34  4:04  SCV  
  34  4:08  Mag-Field Accelerator  
  34  4:14  Cyclone  
  34  4:16  SCV  
  38  4:22  Supply Depot  
  38  4:28  SCV  
  38  4:29  Starport Tech Lab  
  39  4:41  Refinery  
  39  4:43  SCV  
  40  4:46  Cyclone  
  40  4:49  Orbital Command  
  43  4:55  SCV  
  44  5:07  SCV  
  44  5:11  Raven  
  47  5:14  SCV  
  47  5:20  SCV  
  49  5:23  Cyclone  
  52  5:37  SCV  
  37  5:51  SCV  
  37  5:55  SCV, Cyclone  
  36  6:01  Command Center  
  36  6:04  SCV  
  37  6:05  Raven  
  37  6:07  SCV  
  40  6:16  SCV  
  41  6:19  SCV  
  42  6:27  Cyclone  
  42  6:28  SCV  
  42  6:31  SCV  
  44  6:40  SCV  
  44  6:44  SCV, Refinery  
  46  6:48  Raven  
  46  6:52  SCV  
  49  6:56  SCV  
  50  7:04  SCV, Cyclone  
  50  7:06  Barracks Reactor  
  50  7:08  SCV  
  56  7:16  SCV  
  56  7:20  SCV  
  58  7:25  Orbital Command  
  58  7:28  SCV  
  58  7:32  SCV  
  58  7:33  Factory x2  
  59  7:38  Supply Depot  
  59  7:39  Cyclone  
  59  7:40  SCV  
  63  7:44  SCV  
  64  7:52  SCV  
  64  7:56  SCV  
  66  7:59  Orbital Command  
  66  8:05  SCV  
  67  8:08  SCV  
  67  8:11  Cyclone  
  71  8:17  SCV  
  71  8:20  SCV  
  70  8:29  SCV  
  70  8:31  SCV  
  70  8:32  SCV  
  72  8:38  Hellion x2, Cyclone  
  72  8:41  SCV  
  80  8:43  SCV, Cyclone  
  80  8:45  SCV  
  80  8:47  Factory  
  79  8:49  Factory  
  79  8:51  Supply Depot  
  79  8:53  SCV  
  80  8:55  SCV  
  80  8:57  SCV, Liberator  
  85  9:13  SCV x3, Hellion, Cyclone  
  85  9:14  Supply Depot  
  85  9:15  Cyclone  
  85  9:16  Hellion  
  98  9:25  SCV x3  
  98  9:28  Supply Depot  
  98  9:29  Supply Depot  
  101  9:32  Factory Reactor, Factory Tech Lab  
  99  9:40  Hellion  
  99  9:45  Hellion, Siege Tank  
  104  9:48  SCV, Siege Tank  
  104  9:50  Supply Depot, Refinery x2  
  108  9:53  Siege Tank  
  109  10:02  SCV x3  
  104  10:08  Hellion  
  98  10:14  SCV x2  
  98  10:17  Siege Tank  
  98  10:20  Hellion x3, Cyclone  
  111  10:30  SCV x3  
  111  10:34  Cyclone  
  115  10:38  Command Center  
  113  10:47  Armory  
  113  10:49  Armory  
  113  10:50  Cyclone  
  113  10:56  Cyclone  
  113  10:57  Hellion x2  
  123  11:07  SCV x2  
  123  11:08  SCV  
  123  11:11  Cyclone  
  129  11:14  Infernal Pre-Igniter  
  127  11:23  Cyclone, Engineering Bay  
  130  11:28  Cyclone  
  133  11:33  Supply Depot x4, Factory  
  133  11:34  Factory x2  
  133  11:41  Terran Vehicle Weapons Level 1, Terran Vehicle And Ship Armor Level 1  
  133  11:50  SCV x2, Hellion x4  
  131  11:54  Siege Tank  
  131  11:55  Hellion  
  131  11:59  Orbital Command  
  134  12:02  Siege Tank  
  135  12:10  Missile Turret  
  135  12:11  Hellion  
  135  12:12  Hellion  
  139  12:16  Siege Tank  
  139  12:19  Factory Reactor, Factory Tech Lab  
  139  12:20  Factory Tech Lab  
  139  12:22  Hellion  
  141  12:23  Supply Depot  
  141  12:26  Siege Tank  
  141  12:29  Hellion  
  138  12:34  Siege Tank  
  141  12:37  Missile Turret  
  141  12:44  Hellion  
  141  12:45  Hellion  
  149  12:53  Cyclone x3  
  149  12:58  Cyclone, Orbital Command  
  152  13:03  Hellion  
  157  13:07  Cyclone  
  158  13:25  Cyclone x2  
  144  13:30  Cyclone  
  144  13:31  Hellion, Cyclone  
  144  13:33  SCV  
  144  13:34  SCV x2  
  136  13:40  Terran Vehicle Weapons Level 2  
  134  13:43  Missile Turret  
  134  13:48  Cyclone  
  133  14:03  Cyclone x2  
  133  14:07  Hellion x2, Cyclone  
  146  14:17  Supply Depot, Refinery  
  146  14:18  Supply Depot, Cyclone, Refinery, Hellion x2  
  146  14:19  Hellion x2  
  146  14:20  Cyclone  
  146  14:21  Command Center  
  160  14:27  SCV x4  
  164  14:35  Cyclone  
  164  14:39  Hellion x2, Cyclone x2  
  174  14:50  Cyclone  
  175  14:53  Cyclone  
  178  15:00  Supply Depot  
  178  15:04  Terran Vehicle And Ship Armor Level 2  
  178  15:08  Cyclone, Command Center  
  178  15:11  Cyclone  
  170  15:15  Hellion  
  170  15:18  Cyclone  
  170  15:20  SCV x2  
  147  15:25  SCV x2  
  123  15:33  SCV x2  
  104  15:37  SCV x2  
  104  15:41  Cyclone  
  104  15:42  Hellion  
  109  15:49  Cyclone  
  109  15:52  Cyclone  
  109  15:55  SCV  
  111  16:00  SCV x2, Orbital Command  
  113  16:05  Cyclone x2  
  119  16:13  Cyclone  
  119  16:16  Hellion  
  118  16:21  Cyclone  
  117  16:27  Hellion, Cyclone  
  122  16:37  Cyclone x2  
  128  16:43  Hellion  
  128  16:46  Cyclone  
  131  16:53  Cyclone  
  131  16:54  Hellion  
  130  16:57  Orbital Command  
  130  16:58  Hellion  
  130  16:59  Cyclone  
  130  17:00  Hellion  
  128  17:02  Hellion x2  
  128  17:05  Orbital Command  
  129  17:09  Hellion  
Show
View Real Time Build Order
Export as new Build Order

INnoVation Terran 

Build Orders: 1/1/1, Mech, Banshee Rush 

Get SALT Encoding   

  12  0:00  SCV  
  13  0:12  SCV  
  14  0:17  Supply Depot  
  14  0:24  SCV  
  15  0:29  Refinery  
  15  0:38  SCV  
  16  0:44  Barracks  
  16  0:50  SCV  
  16  0:56  Refinery  
  17  1:02  SCV  
  18  1:15  SCV  
  19  1:31  Reaper  
  20  1:32  Orbital Command  
  20  1:41  Factory  
  20  1:50  Supply Depot  
  20  1:58  SCV  
  21  2:03  Marine  
  22  2:10  SCV  
  23  2:21  Marine  
  23  2:22  SCV  
  25  2:25  Hellion  
  25  2:26  Starport  
  27  2:34  SCV  
  27  2:39  Marine  
  27  2:46  Hellion  
  27  2:47  SCV  
  27  2:49  Supply Depot  
  30  2:58  Marine  
  30  3:03  Starport Tech Lab  
  31  3:08  Factory Tech Lab  
  31  3:11  SCV  
  33  3:23  SCV, Cloaking Field  
  33  3:24  Banshee  
  37  3:27  Supply Depot, Cyclone  
  39  3:46  Command Center  
  39  3:48  SCV  
  40  3:57  Supply Depot  
  40  4:00  SCV  
  41  4:06  Cyclone  
  44  4:12  Banshee  
  47  4:19  SCV  
  48  4:31  SCV  
  49  4:38  Cyclone  
  49  4:43  SCV  
  53  4:52  Command Center  
  53  4:58  Raven  
  56  5:00  SCV  
  56  5:04  Refinery  
  56  5:08  Refinery  
  56  5:14  Orbital Command  
  56  5:15  SCV  
  57  5:22  Siege Tank  
  60  5:32  SCV  
  52  5:46  SCV x2  
  52  5:54  Raven  
  45  5:58  SCV x2  
  44  6:04  Orbital Command  
  44  6:06  Siege Tank  
  44  6:10  SCV x2  
  49  6:16  Factory  
  49  6:20  Barracks Reactor  
  49  6:22  SCV x2  
  46  6:34  SCV x3  
  47  6:46  SCV x2  
  51  6:58  SCV x2  
  51  7:01  Siege Tank  
  54  7:04  Barracks Reactor  
  54  7:05  Orbital Command  
  54  7:10  SCV x2  
  55  7:17  Factory  
  55  7:20  Mag-Field Accelerator  
  55  7:21  Hellion x2  
  55  7:22  SCV x2  
  55  7:32  SCV  
  55  7:33  Cyclone  
  55  7:34  SCV  
  55  7:35  SCV  
  61  7:40  Factory  
  61  7:42  Factory  
  61  7:44  SCV  
  61  7:45  Hellion  
  61  7:46  Hellion, Supply Depot x2  
  61  7:47  SCV x2  
  68  7:56  SCV  
  69  7:59  SCV x2  
  69  8:03  Cyclone  
  69  8:05  Cyclone  
  77  8:07  Hellion x2  
  77  8:08  SCV  
  77  8:11  SCV x2  
  71  8:24  SCV x3  
  64  8:32  Hellion x2, Factory Tech Lab  
  68  8:34  Viking, Hellion x2  
  68  8:35  Cyclone  
  68  8:36  SCV x2  
  68  8:37  Cyclone  
  74  8:46  SCV  
  76  8:48  SCV x2  
  76  8:50  Cyclone  
  76  8:52  Orbital Command  
  76  8:54  Hellion x2  
  88  8:55  Hellion x2  
  88  9:01  SCV x2  
  90  9:05  Supply Depot x2  
  90  9:07  Cyclone  
  87  9:12  Cyclone  
  90  9:19  SCV x2  
  90  9:20  SCV  
  90  9:23  Hellion x2  
  97  9:27  Cyclone  
  100  9:33  Hellion  
  100  9:37  Refinery x2  
  102  9:40  SCV x3, Cyclone  
  102  9:44  Cyclone  
  103  9:47  Hellion  
  103  9:49  Hellion  
  107  9:53  Hellion  
  107  9:54  Supply Depot  
  107  9:56  Liberator  
  107  9:59  Cyclone  
  115  10:03  SCV x2  
  115  10:05  SCV  
  116  10:12  Cyclone  
  103  10:16  Cyclone  
  103  10:17  Hellion x2  
  103  10:18  Hellion x2  
  103  10:19  SCV  
  103  10:20  SCV x2  
  109  10:32  SCV x3  
  109  10:35  Cyclone  
  115  10:41  Hellion x2  
  119  10:43  Hellion  
  119  10:44  Cyclone  
  119  10:45  Hellion  
  119  10:49  Supply Depot  
  124  10:51  Supply Depot  
  124  11:06  Infernal Pre-Igniter  
  124  11:10  Liberator  
  124  11:11  Cyclone  
  130  11:12  Supply Depot  
  130  11:13  Cyclone  
  130  11:14  Supply Depot  
  130  11:16  Cyclone  
  130  11:18  Hellion x2  
  140  11:30  Armory  
  140  11:31  Armory  
  140  11:34  Hellion x2  
  144  11:42  Supply Depot x2  
  144  11:43  Cyclone  
  134  11:54  Siege Tank  
  134  11:55  Siege Tank  
  134  11:57  SCV x2  
  134  11:58  SCV  
  141  12:02  Hellion  
  141  12:06  Starport Reactor  
  143  12:15  Siege Tank  
  146  12:17  Command Center  
  140  12:28  Siege Tank x2  
  130  12:38  Terran Vehicle Weapons Level 1  
  130  12:39  Hellion x2, Terran Vehicle And Ship Armor Level 1  
  134  12:47  Siege Tank  
  136  12:52  SCV x3  
  139  13:02  Siege Tank x2  
  139  13:03  Hellion x2  
  149  13:12  SCV x3  
  145  13:16  Refinery  
  145  13:19  Siege Tank  
  135  13:32  Hellion x2  
  119  13:34  Siege Tank x2  
  119  13:38  Refinery  
  119  13:40  Engineering Bay  
  121  13:41  Hellion  
  121  13:49  Factory  
  121  13:51  Siege Tank  
  117  14:02  Factory  
  115  14:04  Factory  
  115  14:06  Cyclone  
  120  14:10  Hellion x3  
  124  14:23  Cyclone  
  127  14:25  Orbital Command  
  127  14:29  Cyclone  
  127  14:38  Hellion x2, Cyclone  
  119  14:45  Factory Tech Lab  
  119  14:46  Factory Tech Lab  
  119  14:49  Factory Tech Lab  
  119  14:55  Cyclone  
  122  15:01  Cyclone  
  125  15:10  Cyclone  
  125  15:11  Cyclone  
  107  15:14  Cyclone  
  107  15:20  Cyclone  
  98  15:27  Cyclone  
  90  15:33  Cyclone  
  86  15:42  Cyclone  
  79  15:51  Cyclone x2  
  79  15:56  Refinery  
  83  15:59  Refinery  
  85  16:04  Hellbat  
  85  16:10  Hellion x2  
  89  16:18  Cyclone  
  83  16:29  Hellion x3  
  86  16:36  Cyclone  
  89  16:44  Cyclone  
  77  17:12  Hellion  

Tags
 
Add a new tag
Caveats
  • Supply blocks, unpowered buildings, or Contaminate may cause inaccurate times.
  • Supply counts are checked every 10 seconds.